 Dungeon Crawl Stone Soup version 0.28.0-43-g3370ac3207 (webtiles) character file.

Game seed: 2496306673666484154

229 Kaiern the Skirmisher (level 5, 0/47 HPs)
             Began as a Draconian Fighter on Mar 20, 2022.
             Slain by a black bear (1 damage)
             ... on level 3 of the Dungeon.
             The game lasted 00:07:48 (2921 turns).

Kaiern the Skirmisher (Draconian Fighter)           Turns: 2921, Time: 00:07:48

Health: 0/47       AC:  7    Str: 20    XL:     5   Next: 71%
Magic:  5/5        EV: 12    Int:  8    God:
Gold:   122        SH:  4    Dex: 11    Spells: 4/4 levels left

rFire   . . .      SeeInvis .   a - +0 war axe
rCold   . . .      Faith    .   b - +0 buckler
rNeg    . . .      Spirit   .   (armour unavailable)
rPois   .          Reflect  .   (helmet restricted)
rElec   .          Harm     .   i - +1 cloak
rCorr   .          Rampage  .   (no gloves)
Will    .....                   (no boots)
Stlth   +.........              (no amulet)
HPRegen 0.15/turn               (no ring)
MPRegen 0.09/turn               (no ring)

@: no status effects
A: AC +5, unfitting armour, cold-blooded
a: no special abilities


You were on level 3 of the Dungeon.
You visited 1 branch of the dungeon, and saw 4 of its levels.

You collected 122 gold pieces.

Inventory:

Hand Weapons
 a - a +0 war axe (weapon)
Missiles
 n - a boomerang (quivered)
Armour
 b - a +0 buckler (worn)
 i - a +1 cloak (worn)
Scrolls
 j - a scroll of teleportation
 m - 2 scrolls of enchant armour
Potions
 c - 2 potions of might
 e - a potion of lignification {unknown}
 h - 2 potions of brilliance {unknown}
 k - a potion of heal wounds {unknown}
 l - a potion of resistance {unknown}


   Skills:
 + Level 4.5 Fighting
 + Level 3.3 Axes
 + Level 3.7 Dodging
 + Level 4.1 Shields


You had 4 spell levels left.
You didn't know any spells.
Your spell library contained the following spells:

 Spells                   Type           Power      Damage    Failure   Level
 Blink                    Tloc           0%         N/A       63%         2
 Lesser Beckoning         Tloc           0%         N/A       86%         3
 Passage of Golubria      Tloc           0%         N/A       99%         4
 Manifold Assault         Tloc           0%         N/A       100%        5
 Silence                  Hex/Air        0%         N/A       100%        5
 Lehudib's Crystal Spear  Conj/Erth      0%         10d2      100%        8


Dungeon Overview and Level Annotations

Branches:
Dungeon (4/15)
 Temple: D:4-7

Altars:

Shops:
D:2 =


Innate Abilities, Weirdness & Mutations

Your plain brown scales are hard. (AC +5)
You cannot fit into any form of body armour.
You are cold-blooded and may be slowed by cold attacks.


Message History

A quokka comes into view.
The black bear growls angrily.
You barely miss the ogre.
The ogre hits you with a +0 giant spiked club!
You barely miss the ogre. The ogre closely misses you.
You hit the ogre but do no damage.
The ogre hits you with a +0 giant spiked club!!
There is a stone staircase leading up here.
The black bear completely misses you.
The black bear claws you but does no damage.
The black bear closely misses you. The ogre closely misses you.
You climb upwards.
There is a stone staircase leading down here.
You are too injured to fight recklessly!
You are too injured to fight recklessly!
You are too injured to fight recklessly!
You hit the ogre.
The ogre is lightly wounded.
You hit the black bear but do no damage.
The black bear barely misses you. The black bear claws you.
The black bear claws you but does no damage.
The ogre closely misses you. The black bear bites you.
The black bear claws you but does no damage.
The black bear claws you.
You hit the ogre.
The ogre is moderately wounded.
You closely miss the black bear. The ogre barely misses you.
The black bear bites you but does no damage.
You block the black bear's attack.
The black bear claws you but does no damage.
You hit the ogre but do no damage.
The ogre is moderately wounded.
You hit the black bear.
The ogre hits you with a +0 giant spiked club!
* * * LOW HITPOINT WARNING * * *
The black bear barely misses you. The black bear closely misses you.
The black bear barely misses you.
The black bear bites you but does no damage.
The black bear claws you.
You die...

#.##########..##.#.##.#..........
.............................<...
#.##########..##.#.##.#####......
....# #......#.#.#.............
....# #.####.#.#.########......
....# #.# #...#.#...# #......
....# #.# ##..#.#.#.# #......
#.#######.#####h.#.#.#.# #......
#............).O@#.#.#.# #......
####......########.#.#.# #......
#...............#.#.# #......
#.................#.# #......
#.....###.........#.# #......
####.## #.....(..##.# ####.## #.#
#........##.#######)## #.#
#..................).. #.#
#.....................


You could see a black bear and an ogre.

Vanquished Creatures
  A howler monkey (D:4)
  A hound (D:4)
  An orc wizard (D:3)
  4 adders
  A worm (D:3)
  4 dart slugs
  11 orcs
  8 ball pythons
  11 endoplasms
  2 giant cockroaches
  4 goblins
  4 hobgoblins
  4 quokkas
  4 bats
  10 kobolds
  7 rats
77 creatures vanquished.

Vanquished Creatures (others)
  4 fungi (D:1)
4 creatures vanquished.

Grand Total: 81 creatures vanquished

Notes
Turn   | Place    | Note
-------+----------+-------------------------------------------
     0 | D:1      | Kaiern the Draconian Fighter began the quest for the Orb.
     0 | D:1      | Reached XP level 1. HP: 19/19 MP: 1/1
   213 | D:1      | Reached XP level 2. HP: 25/26 MP: 2/2
   490 | D:1      | Reached XP level 3. HP: 27/33 MP: 3/3
  1191 | D:2      | Found Rufuipn's Jewellery Boutique.
  1348 | D:2      | Reached XP level 4. HP: 40/40 MP: 4/4
  1849 | D:3      | Reached XP level 5. HP: 43/46 MP: 5/5
  1853 | D:3      | Found a faded altar of an unknown god.
  2716 | D:4      | Noticed a black bear
  2718 | D:4      | Noticed an ogre
  2921 | D:3      | HP: 1/47 [ogre/+0 giant spiked club (16)]
  2921 | D:3      | Slain by a black bear

Illustrated notes

Levels and vault maps discovered:
D:1:      minmay_arrival_plants_in_alcoves, layout_rooms
D:2:      minmay_diamond_boxcup, layout_loops_cross, serial_shops,
          nicolae_diamond_shop
D:3:      layout_basic, dreamdust_ecumenical_altar_statues,
          nicolae_concentric_dashed_squares_wild
D:4:      layout_gridville, nemelex_xobeh_ov_fountains_minmay,
          nicolae_elyvilon_peaceful_grove, grunt_ministairs_10, uniq_robin

Skill      XL: |  1  2  3  4  5 |
---------------+----------------+-----
Dodging        | 3 |  3.7
Fighting       | 4 |  4.5
Axes           | 3 |  3.3
Shields        | 4 |  4.1

Action                   |  1- 3 |  4- 6 || total
-------------------------+-------+-------++-------
Melee: War axe           |   102 |   111 ||   213
       Tailslap          |    10 |    12 ||    22
  Use: Scroll            |       |     5 ||     5
 Stab: Sleeping          |     1 |     1 ||     2
Armor: Skin              |    31 |    39 ||    70
Dodge: Dodged            |    67 |    76 ||   143
Block: Buckler           |    21 |    26 ||    47
